 Dungeon Crawl Stone Soup version 0.20.1-1-g8b1a95d (console) character file.

68 hilaritas the Firebug (level 4, -5/24 HPs)
             Began as a Deep Elf Fire Elementalist on Jan 1, 2018.
             Slain by rabbitfr's ghost (13 damage)
             ... on level 3 of the Dungeon.
             The game lasted 00:07:18 (2587 turns).

hilaritas the Firebug (Deep Elf Fire Elementalist)  Turns: 2587, Time: 00:07:18

Health: -5/24      AC:  4    Str:  5    XL:     4   Next: 1%
Magic:  3/10       EV: 18    Int: 21    God:
Gold:   55         SH:  0    Dex: 20    Spells: 3/9 levels left

rFire    . . .     SeeInvis .   f - +0 dagger (speed)
rCold    . . .     Gourm    .   (no shield)
rNeg     . . .     Faith    .   a - +0 robe
rPois    .         Spirit   .   (no helmet)
rElec    .         Reflect  .   (no cloak)
rCorr    .         Harm     .   (no gloves)
MR       .....                  e - +1 pair of boots
Stlth    +++.......             (no amulet)
Regen    0.1/turn               (no ring)
MPRegen  0.2/turn               (no ring)

@: agile
A: no striking features
a: no special abilities


You were on level 3 of the Dungeon.
You were not hungry.

You visited 1 branch of the dungeon, and saw 3 of its levels.

You collected 55 gold pieces.

Inventory:

Hand Weapons
 f - a +0 dagger of speed (weapon)
 g - a +0 dagger
Missiles
 l - 24 stones (quivered)
Armour
 a - a +0 robe (worn)
 e - a +1 pair of boots (worn)
Scrolls
 i - a scroll of magic mapping
 k - a scroll of blinking
Books
 b - a book of Flames

   Spells                             Type                      Level
   a - Flame Tongue                   Conjuration/Fire             1
   b - Throw Flame                    Conjuration/Fire             2
   c - Conjure Flame                  Conjuration/Fire             3
   d - Inner Flame                    Hexes/Fire                   3
   e - Sticky Flame                   Conjuration/Fire             4
   f - Fireball                       Conjuration/Fire             5
Comestibles
 c - a bread ration
 d - a royal jelly
 j - a meat ration
 n - 3 chunks of flesh


   Skills:
 - Level 2.4 Dodging
 - Level 2.4 Stealth
 - Level 3.0 Spellcasting
 * Level 2.9 Conjurations
 + Level 4.5 Fire Magic


You had 3 spell levels left.
You knew the following spells:

 Your Spells              Type           Power        Failure   Level  Hunger
a - Flame Tongue          Conj/Fire      ###..        2%          1    None
b - Throw Flame           Conj/Fire      ###...       4%          2    ##.....
c - Conjure Flame         Conj/Fire      ###.....     9%          3    ###....


Dungeon Overview and Level Annotations

Branches:
Dungeon (3/15)

Altars:
Gozag

Annotations:
D:3 rabbitfr's ghost, amateur GrFi


Message History

Rabbitfr's ghost closely misses you.
Casting: Flame Tongue
Confirm with . or Enter, or press ? or * to list all spells.
Aiming: Flame Tongue
Press: ? - help, Shift-Dir - straight line, f/p - rabbitfr's ghost
Aim: rabbitfr's ghost (lightly damaged)
The flame tongue hits rabbitfr's ghost.
Rabbitfr's ghost appears unharmed.
Rabbitfr's ghost is lightly damaged.
Rabbitfr's ghost closely misses you.
You feel better. Rabbitfr's ghost hits you.
Casting: Flame Tongue
Confirm with . or Enter, or press ? or * to list all spells.
Aiming: Flame Tongue
Press: ? - help, Shift-Dir - straight line, f/p - rabbitfr's ghost
Aim: rabbitfr's ghost (lightly damaged)
The flame tongue hits rabbitfr's ghost.
Rabbitfr's ghost is moderately damaged.
Rabbitfr's ghost hits you!
Ouch! That really hurt!
You die...

.............
#.................
#.................
#.................
#.................
#.................
#.................
#................†
#.............P.P♣
#..###.###...P..≈≈
#@##.....##....♣♣≈
#W#.8...8.#...P♣≈≈
#.#.......#..♣♣♣≈≈
#....._.......♣≈≈≈
#.#.......#....≈≈♣
###.8...8.###...P.
##.....## #.... .
###.### #...P
...########..#
#P♣..
.............# #
##. .............#
#


You could see rabbitfr's ghost.

Vanquished Creatures
  A gnoll (D:1)
  An adder (D:2)
  3 leopard geckos
  An orc (D:3)
  7 bats
  4 goblins
  6 hobgoblins
  3 kobolds
  4 quokkas
  6 frilled lizards
  7 rats
43 creatures vanquished.

Notes
Turn   | Place    | Note
-------+----------+-------------------------------------------
     0 | D:1      | hilaritas the Deep Elf Fire Elementalist began the quest for the Orb.
     0 | D:1      | Reached XP level 1. HP: 10/10 MP: 6/6
   472 | D:1      | Reached XP level 2. HP: 15/15 MP: 2/8
   605 | D:1      | Reached skill level 4 in Fire Magic
   613 | D:1      | Learned a level 2 spell: Throw Flame
   887 | D:1      | Reached XP level 3. HP: 18/19 MP: 4/9
  1273 | D:1      | Learned a level 3 spell: Conjure Flame
  2500 | D:3      | Found an opulent altar of Gozag.
  2538 | D:3      | Reached XP level 4. HP: 24/24 MP: 7/10
  2563 | D:3      | Noticed rabbitfr's ghost (amateur GrFi)
  2587 | D:3      | Slain by rabbitfr's ghost

Skill      XL: |  1  2 |
---------------+-------+-----
Conjurations   | 2 |  2.9
Fire Magic     | 4 |  4.5
Dodging        | |  2.4
Stealth        | |  2.4
Spellcasting   | |  3.0

Action                   |  1- 3 |  4- 6 || total
-------------------------+-------+-------++-------
Melee: Unarmed           |     4 |       ||     4
       Dagger            |     5 |     2 ||     7
 Cast: Flame Tongue      |    80 |     6 ||    86
       Throw Flame       |     1 |     2 ||     3
  Use: Scroll            |     8 |       ||     8
       Potion            |       |     2 ||     2
  Eat: Chunk             |     5 |       ||     5
Armor: Robe              |     6 |       ||     6
Dodge: Dodged            |    28 |     3 ||    31
